 Dungeon Crawl Stone Soup version 0.30-a0-1160-g6e42c06551 (webtiles) character file.

Game seed: 5261918136480250535

296 kae the Changer (level 5, -7/58 HPs)
             Began as a Demigod Transmuter on Apr 25, 2023.
             Mangled by an ogre
             ... wielding a +0 giant spiked club
              (10 damage)
             ... on level 5 of the Dungeon.
             The game lasted 00:03:21 (3146 turns).

kae the Changer (Demigod Transmuter)                Turns: 3146, Time: 00:03:22

Health: -7/58      AC: 22    Str: 15 (16) XL:     5   Next: 87%
Magic:  17/22      EV:  2    Int: 17 (19) God:
Gold:   110        SH:  0    Dex: 16 (17) Spells: 5/11 levels left

rFire   + .          .
                       - Unarmed
rCold   . . .        (no shield)
rNeg    . . .        p - melded +0 robe of Novonk {Int+4 Dex+6}
rPois   +            o - melded +2 helmet
rElec   .            (cloak currently unavailable)
rCorr   .            c - melded +0 pair of gloves
SInv    .            (boots currently unavailable)
Will    .....        (no amulet)
Stlth   +            i - ring of Siohuekh {rF+ MP+9 Str+5 Dex+3}
HPRegen 0.29/turn    (no ring)
MPRegen 0.18/turn

%: no passive effects
@: tree-form, wereblooded, attractive
A: stationary, stasis, torment immunity, boosted hp, high MP 1, forlorn, divine
attributes
a: no special abilities


You were on level 5 of the Dungeon.
You were a tree.
You visited 1 branch of the dungeon, and saw 6 of its levels.

You collected 110 gold pieces.


Innate Abilities, Weirdness & Mutations

You are a tree.
Your roots penetrate the ground, keeping you stationary.
You cannot be teleported.
You are immune to unholy pain and torment.
Your maximum health is greatly increased.
Your equipment is partially melded.
You have an increased reservoir of magic. (+10% MP)
You shall have no god before yourself.
Your divine heritage dramatically boosts your attributes as you level up.


   Skills:
 - Level 0.8 Fighting
 - Level 1.7 Dodging
 - Level 2.6 Unarmed Combat
 + Level 3.5 Spellcasting
 + Level 3.8 Transmutations
 - Level 2.5 Poison Magic


You had 5 spell levels left.
You knew the following spells:

 Your Spells              Type           Power      Damage    Failure   Level
a - Beastly Appendage     Tmut           32%        N/A       3%          1
b - Wereblood             Tmut           16%        N/A       4%          2
c - Spider Form           Tmut/Pois      13%        N/A       14%         3

Your spell library contained the following spells:

 Spells                   Type           Power      Damage    Failure   Level
 Stone Arrow              Conj/Erth      6%         3d7       45%         3
 Ice Form                 Ice/Tmut       9%         N/A       58%         4
 Animate Armour           Summ/Erth      6%         N/A       86%         4
 Lehudib's Crystal Spear  Conj/Erth      1%         10d2      100%        8

Inventory:

Missiles
 e - 7 poisoned darts
 j - 45 stones
 n - a throwing net {=f!f}
Armour
 a - a +0 robe
 c - a +0 pair of gloves (melded)
   (You found it on level 1 of the Dungeon)
 o - a +2 helmet (melded)
   (You found it on level 3 of the Dungeon)
 p - the +0 robe of Novonk (melded) {Int+4 Dex+6}
   (You found it on level 4 of the Dungeon)

   Int:       It affects your intelligence (+4).
   Dex:       It affects your dexterity (+6).
Magical Staves
 f - a staff of death {!a}
   (You found it on level 1 of the Dungeon)
Jewellery
 i - the ring of Siohuekh (left branch) {rF+ MP+9 Str+5 Dex+3}
   (You found it on level 2 of the Dungeon)

   [ring of magical power]

   Str:       It affects your strength (+5).
   Dex:       It affects your dexterity (+3).
   rF:        It protects you from fire.
   MP:        It affects your magic capacity (+9).
Wands
 l - a wand of roots (4)
   (You found it on level 2 of the Dungeon)
 m - a wand of acid (4)
   (You took it off Ijyb on level 3 of the Dungeon)
Scrolls
 q - a scroll of identify {@r1}
 r - a scroll of vulnerability {!r!r}
Potions
 k - a potion of curing {@q1}

Dungeon Overview and Level Annotations

Branches:
Dungeon (6/15) Zot: 26916
 Temple: D:4-7

####.......#
.......># #######.#
#.# #.# # ###.##.#
#......# #.#O##.#
#.#♣# .#
####.#.##.###
.............# #
.#####......#.#.#
.......(......).. #
##............. #.
#.#).........#
#..###.#...#......#
..................#


You could see an ogre.


Message History

Casting: Spider Form (quite dangerous; 28% risk of failure)
Confirm with . or Enter, or press ? or * to list all spells.
You miscast Wereblood.
Nothing appears to happen.
The sleepcap completely misses you. 😮 HP[+1] MP[-2]
You lost 2 mp, and now have 18/22 mp.
Casting: Wereblood (safe; 14% risk of failure)
Confirm with . or Enter, or press ? or * to list all spells.
The spell is quite dangerous to miscast (28% risk of failure)!
Continue anyway? [Y]es or [N]o only, please.
The spell is quite dangerous to miscast (28% risk of failure)!
Continue anyway?
You extend your transformation's duration.
The sleepcap releases spores at you! 😮 HP[-7] MP[-3]
You take 7 damage, and now have 21/39 hp.
You lost 3 mp, and now have 15/22 mp.
Unknown command.
Casting: Spider Form (quite dangerous; 28% risk of failure)
Confirm with . or Enter, or press ? or * to list all spells.
Your blood is infused with primal strength.
The sleepcap releases spores at you.
* * * LOW HITPOINT WARNING * * *
The sleepcap releases spores at you!
* * * LOW HITPOINT WARNING * * *
😨 HP[-11] MP[-1]
You take 11 damage, and now have 10/39 hp.
MASSIVE DAMAGE!! (PAUSE)
You lost 1 mp, and now have 14/22 mp.
It was a potion of attraction.
You feel attractive to monsters. The sleepcap closely misses you.
It was a potion of degeneration.
There was something very wrong with that liquid.
You feel weakened.
You feel dopey.
You feel clumsy. The sleepcap closely misses you.
It was a potion of heal wounds.
You feel much better.
The sleepcap releases spores at you! 😮 HP[+10]
You regained 10 hp, and now have 20/39 hp.
You hit the sleepcap.
The sleepcap barely misses you. 😮 HP[+1]
You hit the sleepcap.
The sleepcap barely misses you. 😮 MP[+1]
You hit the sleepcap but do no damage.
The sleepcap is poisoned.
The sleepcap barely misses you.
You hit the sleepcap but do no damage. The sleepcap releases spores at you.
* * * LOW HITPOINT WARNING * * *
😨 HP[-2]
You take 2 damage, and now have 19/39 hp.
Unknown command.
You hit the sleepcap. The sleepcap misses you. 😮 HP[+1]
You completely miss the sleepcap. The sleepcap releases spores at you.
* * * LOW HITPOINT WARNING * * *
You are engulfed in a cloud of soporific spores!
You fall asleep.
The sleepcap looks more healthy.
The sleepcap releases spores at you!
You wake up.
* * * LOW HITPOINT WARNING * * *
Your magical contamination has completely faded away. 😱 HP[-13]
You take 13 damage, and now have 7/39 hp.
MASSIVE DAMAGE!! (PAUSE)
The ogre is attracted toward you. 😱 MP[+1]
Okay, then.
The sleepcap attacks as you move away! The sleepcap barely misses you.
Your transformation is almost over.
The ogre is attracted toward you. 😱 HP[+1] Really quaff
b - a potion of lignification {!q}?
Really quaff the potion of lignification?
Your transformation has ended.
Your +2 helmet unmelds from your body.
Your +0 pair of gloves unmelds from your body.
The +0 robe of Novonk {Int+4 Dex+6} unmelds from your body.
You turn into a tree.
Your +2 helmet melds into your body.
Your +0 pair of gloves melds into your body.
The +0 robe of Novonk {Int+4 Dex+6} melds into your body.
Your roots penetrate the ground.
The sleepcap releases spores at you but does no damage. 😱 HP[+4]
You now have 58 max hp (+19).
You regained 4 hp, and now have 12/58 hp.
You hit the sleepcap.
The sleepcap releases spores at you but does no damage.
You smack the sleepcap!
The sleepcap releases spores at you but does no damage. 😱 HP[+1] MP[+1]
You hit the sleepcap.
You feel a bit better.
You destroy the sleepcap!
You smack the ogre!
You creak as the wereblood boils in your veins!
The ogre hits you with a +0 giant spiked club!
* * * LOW HITPOINT WARNING * * *
Unknown command.
You hit the ogre. You hit the ogre.
The ogre hits you with a +0 giant spiked club!
You die...

Skill      XL: |  1  2  3  4 |
---------------+-------------+-----
Transmutations | 2 3 |  3.8
Spellcasting   | 2 3 |  3.5
Poison Magic   | 1 2 |  2.5
Fighting       | |  0.8
Dodging        | |  1.7
Unarmed Combat | |  2.6

Action                     |  1- 3 |  4- 6 || total
---------------------------+-------+-------++-------
  Melee: Unarmed           |    69 |   121 ||   190
         Kick              |    13 |    12 ||    25
         Headbutt          |     6 |     3 ||     9
         Punch             |       |     1 ||     1
   Cast: Beastly Appendage |    17 |    13 ||    30
         Spider Form       |     5 |    13 ||    18
         Wereblood         |       |     4 ||     4
    Use: Scroll            |     5 |     2 ||     7
         Potion            |       |     4 ||     4
   Stab: Distracted        |     1 |       ||     1
 Armour: Robe              |    13 |    19 ||    32
         Skin              |     1 |     7 ||     8
  Dodge: Dodged            |    51 |   106 ||   157

Levels and vault maps discovered:
D:1:      saegor_arrival_simple_c, layout_basic, minmay_strange_pillars
D:2:      layout_basic, uniq_natasha
D:3:      layout_loops_cross, elyvilon_altar_4, uniq_ijyb
D:4:      layout_gridville, gammafunk_temple_overflow_wave
D:5:      layout_basic, mainiacjoe_overflow_paths, minmay_temple_entry_ruins,
          grunt_tough_drop, uniq_eustachio
D:6:      layout_gridville, nicolae_uskayaw_en_pointe,
          mainiacjoe_overflow_catwalk, kennysheep_mini_moat, serial_demonic,
          serial_demonic_e, serial_demonic_e, serial_demonic_c,
          serial_demonic_c, serial_demonic_b, serial_demonic_f,
          serial_demonic_f, serial_demonic_a, serial_demonic_c, serial_demonic_g

Notes
Turn   | Place    | Note
-------+----------+-------------------------------------------
     0 | D:1      | kae the Demigod Transmuter began the quest for the Orb.
     0 | D:1      | Reached XP level 1. HP: 15/15 MP: 5/5
     0 | D:1      | magus.rc [v1.11.3]
   123 | D:1      | HP: 3/15 [bat (1)]
   125 | D:1      | HP: 1/15 [bat (1)]
   126 | D:1      | Reached skill level 2 in Transmutations
   127 | D:1      | Reached skill level 2 in Spellcasting
   239 | D:1      | Reached XP level 2. HP: 22/22 MP: 5/7
   426 | D:1      | You pick up a book of Armaments and begin reading...
   426 | D:1      | You add the spells Stone Arrow, Animate Armour and
                  | Lehudib's Crystal Spear to your library.
   443 | D:1      | Reached skill level 1 in Poison Magic
   714 | D:1      | Learned a level 2 spell: Wereblood
   813 | D:2      | Reached XP level 3. HP: 14/27 MP: 7/9
   870 | D:1      | Learned a level 3 spell: Spider Form
  1011 | D:2      | Identified the ring of Siohuekh {rF+ MP+9 Str+5 Dex+3}
  1046 | D:2      | HP: 6/27 [gnoll/+0 spear (5)]
  1239 | D:2      | Reached XP level 4. HP: 32/34 MP: 3/10
  1382 | D:2      | Reached skill level 2 in Poison Magic
  1441 | D:2      | Noticed Natasha
  1449 | D:2      | Killed Natasha
  1450 | D:2      | Reached skill level 3 in Transmutations
  2130 | D:3      | Reached skill level 3 in Spellcasting
  2130 | D:3      | Reached XP level 5. HP: 39/39 MP: 5/12
  2571 | D:3      | Noticed Ijyb
  2578 | D:3      | HP: 5/39 [Ijyb/bolt of acid (18)]
  2579 | D:3      | Killed Ijyb
  2930 | D:4      | Identified the +0 robe of Novonk {Int+4 Dex+6}
  3024 | D:4      | You fall into a shaft and drop 2 floors!
  3063 | D:5      | Entered Level 5 of the Dungeon
  3118 | D:5      | Noticed an ogre
  3136 | D:5      | HP: 7/39 [sleepcap (11)]
  3144 | D:5      | HP: 2/58 [ogre/+0 giant spiked club (12)]
  3146 | D:5      | Mangled by an ogre

Vanquished Creatures
  A hound (D:6)
  An orc priest (D:3)
  A sleepcap (D:5)
  Ijyb (D:3)
  Natasha (D:2)
  7 gnolls
  2 adders
  An ufetubus (D:5)
  2 dart slugs (D:2)
  4 orcs (D:3)
  6 bats
  9 endoplasms
  A giant cockroach (D:1)
  2 goblins
  5 hobgoblins
  4 jackals (D:3)
  3 kobolds
  A quokka (D:3)
  5 ball pythons
  3 frilled lizards
  8 rats
68 creatures vanquished.

Table legend:
 A = Non-vault XP
 B = Vault XP
 C = Vault XP percentage of total XP
 D = Non-vault monster count
 E = Vault monster count
 F = Vault count percentage of total count
                 A         B        C        D         E       F
            +---------+---------+-------+---------+---------+-------
      Total |     354 |      70 |  16.5 |      66 |       2 |   2.9
            +---------+---------+-------+---------+---------+-------
        D:1 |      44 |       0 |   0.0 |      18 |       0 |   0.0
        D:2 |     121 |      35 |  22.4 |      20 |       1 |   4.8
        D:3 |      87 |      35 |  28.7 |      24 |       1 |   4.0
        D:5 |      47 |       0 |   0.0 |       2 |       0 |   0.0
        D:6 |      55 |       0 |   0.0 |       2 |       0 |   0.0
            +---------+---------+-------+---------+---------+-------

Skill      XL: |  1  2  3  4 |
---------------+-------------+-----
Transmutations | 2 3 |  3.8
Spellcasting   | 2 3 |  3.5
Poison Magic   | 1 2 |  2.5
Fighting       | |  0.8
Dodging        | |  1.7
Unarmed Combat | |  2.6

Action                     |  1- 3 |  4- 6 || total
---------------------------+-------+-------++-------
  Melee: Unarmed           |    69 |   121 ||   190
         Kick              |    13 |    12 ||    25
         Headbutt          |     6 |     3 ||     9
         Punch             |       |     1 ||     1
   Cast: Beastly Appendage |    17 |    13 ||    30
         Spider Form       |     5 |    13 ||    18
         Wereblood         |       |     4 ||     4
    Use: Scroll            |     5 |     2 ||     7
         Potion            |       |     4 ||     4
   Stab: Distracted        |     1 |       ||     1
 Armour: Robe              |    13 |    19 ||    32
         Skin              |     1 |     7 ||     8
  Dodge: Dodged            |    51 |   106 ||   157

Illustrated notes

Table legend:
 A = Kills in this place as a percentage of kills in the entire game.
 B = Kills by you in this place as a percentage of kills by you in the entire game.
 C = Kills by friends in this place as a percentage of kills by friends in the entire game.
 D = Other kills in this place as a percentage of other kills in the entire game.
 E = Experience gained in this place as a percentage of experience gained in the entire game.
 F = Experience gained in this place divided by the number of levels of this place that you have seen.
                   A       B       C       D       E      F
               +-------+-------+-------+-------+-------+----------------------
         Total | 100.0 | 100.0 |   N/A |   N/A | 100.0 |  70.7
       Dungeon | 100.0 | 100.0 |   N/A |   N/A | 100.0 |  70.7
               +-------+-------+-------+-------+-------+----------------------

Table legend: (Time is in decaauts)
 A = Elapsed time spent in this place.
 B = Non-inter-level travel time spent in this place.
 C = Inter-level travel time spent in this place.
 D = Time resting spent in this place.
 E = Time spent auto-exploring this place.
 F = Levels seen in this place.
 G = Mean time per level.
                   A        B        C        D        E       F      G
               +--------+--------+--------+--------+--------+-----+--------+
         Total |   3139 |   3051 |     88 |    155 |   2229 |   6 |  523.2 |
       Dungeon |   3139 |   3051 |     88 |    155 |   2229 |   6 |  523.2 |
               +--------+--------+--------+--------+--------+-----+--------+

Top non-repeatable levels by time:
     D:3: 1022 daAuts
     D:2: 967 daAuts
     D:1: 933 daAuts
     D:4: 95 daAuts
     D:5: 74 daAuts
     D:6: 46 daAuts
